 Dungeon Crawl Stone Soup version 0.31-a0-940-gdaa99269f9 (console) character file.

Game seed: 8461839373004891508

1482634 questionabletactics the Maledictor (level 26, 174/174 (177) HPs)
             Began as a Deep Elf Hexslinger on Oct 20, 2023.
             Was an Initiate of Gozag.
             Escaped with the Orb
             ... and 3 runes on Oct 21, 2023!
             The game lasted 04:12:02 (88389 turns).

questionabletactics the Maledictor (DEHs)          Turns: 88389, Time: 04:12:02

HP:   174/174 (177) AC: 18    Str:  9    XL:     26   Next: 8%
MP:   47/47         EV: 32    Int: 22    God:    Gozag
Gold: 4706          SH: 23    Dex: 26    Spells: 11/51 levels left

rFire   + . .        a - +9 hand cannon (heavy)
rCold   + + .        J - +5 kite shield {rC+}
rNeg    + . .        t - +3 leather armour {rF+}
rPois   +            n - +3 crown of Dyrovepreva {rElec Int+2 SInv}
rElec   +            X - +2 cloak {rPois}
rCorr   .            R - +2 pair of gloves {Dex+3}
SInv    +            I - +2 pair of boots {rampage}
Will    +++++        i - necklace of Bloodlust {Fury *Rage Will++ Int-3 Slay+6}
Stlth   +            l - ring of Cheibriados's Reproof {Fly rC++ Str+2 Slay-3 SInv}
HPRegen 0.00/turn    d - ring of Checkmate {Fire rN+ MP+9 Str+4 Slay+2}
MPRegen 0.30/turn

%: random rage (50%), rampage
@: flying, inhibited regen, lightly drained
A: talons 1, clumsy 1, low MP 1, strong-willed 1, poison resistance, inhibited
regeneration, weak 1, heat vulnerability 1
0: Orb of Zot
}: 3/15 runes: decaying, slimy, gossamer
a: Renounce Religion, Potion Petition, Call Merchant, Bribe Branch


You escaped.
You worshipped Gozag.
Gozag was most pleased with you.
You visited 12 branches of the dungeon, and saw 55 of its levels.
You also visited: Trove, Gauntlet, Ice Cave, Volcano and Desolation.

You collected 28594 gold pieces.
You spent 6412 gold pieces at shops.
You paid 17476 gold pieces to Gozag.

Inventory:

Hand Weapons
 a - a +9 heavy hand cannon (weapon)
 b - a +4 hand cannon of freezing
Missiles
 u - 8 throwing nets
 M - 12 curare-tipped darts
Armour
 n - the +3 crown of Dyrovepreva (worn) {rElec Int+2 SInv}
   (You found it on level 2 of the Lair of Beasts)

   Int+2:     It affects your intelligence (+2).
   rElec:     It insulates you from electricity.
   SInv:      It lets you see invisible.
 t - a +3 leather armour of fire resistance (worn)
 x - a scarf of resistance
 I - a +2 pair of boots of rampaging (worn)
 J - a +5 kite shield of cold resistance (worn)
 R - a +2 pair of gloves of dexterity (worn)
 U - the +3 helmet "Pagab" {rCorr Str+2 Dex+3}
   (You found it in the Desolation of Salt)

   Str+2:     It affects your strength (+2).
   Dex+3:     It affects your dexterity (+3).
   rCorr:     It protects you from acid and corrosion.
 X - a +2 cloak of poison resistance (worn)
Jewellery
 c - a +4 ring of protection
 d - the ring of Checkmate (right hand) {Fire rN+ MP+9 Str+4 Slay+2}
   (You found it in a treasure trove)

   [ring of fire]

   Fire:      It enhances your fire magic.
   Str+4:     It affects your strength (+4).
   Slay+2:    It affects your accuracy & damage with ranged weapons and melee
   (+2).
   rF+:       It protects you from fire.
   rC-:       It makes you vulnerable to cold.
   rN+:       It protects you from negative energy.
   MP+9:      It affects your magic capacity (+9).
 g - a +6 ring of strength
 i - the necklace of Bloodlust (around neck) {Fury *Rage Will++ Int-3 Slay+6}
   (You found it on level 3 of the Elven Halls)

   [amulet of nothing]

   Fury:      It extends the wearer's berserk rage when killing foes.
   Int-3:     It affects your intelligence (-3).
   Slay+6:    It affects your accuracy & damage with ranged weapons and melee
   (+6).
   Will++:    It greatly increases your willpower.
   *Rage:     It berserks you when you make melee attacks (+50% chance).
 l - the ring of Cheibriados's Reproof (left hand) {Fly rC++ Str+2 Slay-3 SInv}
   (You found it on level 3 of the Depths)

   [ring of flight]

   Str+2:     It affects your strength (+2).
   Slay-3:    It affects your accuracy & damage with ranged weapons and melee
   (-3).
   rC++:      It greatly protects you from cold.
   SInv:      It lets you see invisible.
   Fly:       It grants you flight.
 o - a ring of poison resistance
 s - a +5 ring of evasion
 F - the amulet "Yploxien" {Reflect rN+ Regen+ Int+3 SH+5}
   (You found it in a Gauntlet)

   [amulet of reflection]

   Reflect:   It reflects blocked missile attacks.
   Int+3:     It affects your intelligence (+3).
   rN+:       It protects you from negative energy.
   Regen+:    It increases your rate of health regeneration.
   SH+5:      It affects your SH (+5).
 O - a +4 ring of protection
Wands
 y - a wand of charming (32)
 G - a wand of iceblast (37)
 H - a wand of digging (13)
 L - a wand of polymorph (44)
 T - a wand of light (2)
Scrolls
 e - 5 scrolls of teleportation
 j - 5 scrolls of butterflies
 k - a scroll of silence
 p - 8 scrolls of fog
 A - a scroll of blinking
 P - 5 scrolls of vulnerability
 S - 7 scrolls of fear
Potions
 m - a potion of haste
 q - 2 potions of heal wounds
 r - 5 potions of magic
 v - 4 potions of enlightenment
 B - 3 potions of resistance
 C - 14 potions of curing
 K - 2 potions of invisibility
 N - 2 potions of cancellation
Miscellaneous
 h - a sack of spiders (inert)
 W - a phantom mirror (inert)
 Y - a phial of floods


   Skills:
 - Level 21.5 Fighting
 - Level 20.9 Ranged Weapons
 - Level 23.0 Dodging
 - Level 2.0 Stealth
 - Level 20.1 Shields
 - Level 13.0 Spellcasting
 + Level 25.6 Hexes
 - Level 4.1 Translocations
 - Level 3.0 Transmutations
 - Level 1.1 Fire Magic
 - Level 7.5 Air Magic
 - Level 4.3 Earth Magic
 - Level 2.0 Poison Magic
 - Level 9.3 Evocations


You had 11 spell levels left.
You knew the following spells:

 Your Spells              Type           Power      Damage    Failure   Level
a - Jinxbite              Hex            100%       N/A       0%          2
b - Sigil of Binding      Hex            91%        N/A       0%          3
c - Mephitic Cloud        Conj/Pois/Air  28%        N/A       8%          3
d - Cause Fear            Hex            45%        N/A       0%          4
e - Dimensional Bullseye  Hex/Tloc       34%        N/A       1%          4
f - Leda's Liquefaction   Hex/Erth       34%        N/A       1%          4
g - Blink                 Tloc           64%        N/A       2%          2
h - Anguish               Hex/Necr       31%        N/A       1%          4
i - Yara's Violent Unrav  Hex/Tmut       33%        3d14      1%          5
j - Discord               Hex            45%        N/A       1%          8
k - Apportation           Tloc           64%        N/A       1%          1

Your spell library contained the following spells:

 Spells                   Type           Power      Damage    Failure   Level
 Confusing Touch          Hex            91%        N/A       0%          3
 Tukima's Dance           Hex            91%        N/A       0%          3
 Sandblast                Erth           66%        2d15      1%          1
 Shock                    Conj/Air       100%       1d9       1%          1
 Ensorcelled Hibernation  Hex/Ice        100%       N/A       1%          2
 Poisonous Vapours        Pois/Air       70%        N/A       1%          2
 Inner Flame              Hex/Fire       83%        N/A       1%          3
 Summon Guardian Golem    Hex/Summ       63%        N/A       1%          3
 Fulminant Prism          Conj/Hex       31%        3d16      1%          4
 Metabolic Englaciation   Hex/Ice        31%        N/A       1%          5
 Lesser Beckoning         Tloc           64%        N/A       2%          2
 Passwall                 Tmut/Erth      25%        N/A       3%          2
 Static Discharge         Conj/Air       60%        3-6/arc   3%          2
 Cigotuvi's Dreadful Rot  Necr/Pois/Air  56%        N/A       4%          2
 Wereblood                Tmut           27%        N/A       4%          2
 Airstrike                Air            23%        2d(4-20)  4%          4
 Gell's Gravitas          Tloc           32%        N/A       5%          3
 Teleport Other           Tloc           32%        N/A       5%          3
 Momentum Strike          Conj/Tloc      46%        3d9       6%          2
 Foxfire                  Conj/Fire      100%       2x1d9     8%          1
 Vhi's Electric Charge    Tloc/Air       80%        N/A       9%          4
 Kiss of Death            Conj/Necr      56%        2d9       10%         1
 Magic Dart               Conj           56%        1d5       10%         1
 Necrotise                Necr           56%        1d6       10%         1
 Summon Small Mammal      Summ           56%        N/A       10%         1
 Scorch                   Fire           56%        2d7       10%         2
 Volatile Blastmotes      Fire/Tloc      76%        2d16      10%         3
 Stone Arrow              Conj/Erth      46%        3d9       12%         3
 Ignite Poison            Fire/Tmut/Pois 35%        N/A       13%         3
 Sublimation of Blood     Necr           14%        N/A       14%         2
 Passage of Golubria      Tloc           32%        N/A       19%         4
 Summon Lightning Spire   Summ/Air       30%        N/A       21%         4
 Petrify                  Tmut/Erth      30%        N/A       22%         4
 Call Canine Familiar     Summ           14%        N/A       28%         3
 Frozen Ramparts          Ice            28%        1d5       28%         3
 Vampiric Draining        Necr           14%        2d7       28%         3
 Animate Armour           Summ/Erth      46%        N/A       38%         4
 Brom's Barrelling Bould  Conj/Erth      23%        2d4       38%         4
 Iskenderun's Mystic Bla  Conj/Tloc      23%        2d6       38%         4
 Olgreb's Toxic Radiance  Pois           23%        N/A       38%         4
 Lee's Rapid Deconstruct  Erth           16%        3d10*     43%         5
 Arcjolt                  Conj/Air       15%        1d25      50%         5
 Flame Wave               Conj/Fire      25%        2d8       61%         4
 Dispel Undead            Necr           14%        3d10      67%         4
 Alistair's Intoxication  Tmut/Pois      16%        N/A       67%         5
 Freezing Cloud           Conj/Ice/Air   12%        6-21      67%         5
 Borgnjor's Vile Clutch   Necr/Erth      11%        N/A       75%         5
 Summon Forest            Summ/Tloc      11%        N/A       75%         5
 Plasma Beam              Fire/Air       25%        2x1d37    94%         6
 Agony                    Necr           14%        N/A       95%         5
 Dispersal                Tloc           16%        N/A       95%         6
 Conjure Ball Lightning   Conj/Air       15%        3x3d6     97%         6
 Bombard                  Conj/Erth      11%        9d3       99%         6
 Eringya's Noxious Bog    Tmut/Pois      12%        4d6       99%         6
 Death Channel            Necr           7%         N/A       100%        6
 Summon Cactus Giant      Summ           7%         N/A       100%        6
 Haunt                    Necr/Summ      7%         N/A       100%        7
 Monstrous Menagerie      Summ           7%         N/A       100%        7
 Orb of Destruction       Conj           7%         9d6       100%        7
 Spellforged Servitor     Conj/Summ      7%         N/A       100%        7
 Summon Hydra             Summ           7%         N/A       100%        7
 Borgnjor's Revivificati  Necr           7%         N/A       100%        8
 Ignition                 Fire           14%        3d6       100%        8
 Infestation              Necr           7%         N/A       100%        8
 Maxwell's Capacitive Co  Air            23%        ∞         100%        8
 Summon Horrible Things   Summ           7%         N/A       100%        8
 Fire Storm               Conj/Fire      12%        8d3       100%        9
 Animate Dead             Necr           Unusable   N/A       N/A         4

Dungeon Overview and Level Annotations

Branches:
Dungeon (15/15)            Temple (1/1) D:4            Lair (5/5) D:10
  Swamp (4/4) Lair:3       Spider (4/4) Lair:3        Slime (5/5) Lair:4
    Orc (2/2) D:9             Elf (3/3) Orc:2        Vaults (4/5) D:13
  Crypt (3/3) Vaults:2       Tomb (0/3) Crypt:3      Depths (4/4) D:15
    Zot (5/5) Depths:4      IceCv (visited)         Volcano (visited)
Desolation (visited)      Gauntlet (visited)

Altars:
Ashenzari
Cheibriados
Dithmenos
Elyvilon
Fedhas
Gozag
Hepliaklqana
Kikubaaqudgha
Makhleb
Nemelex Xobeh
Okawaru
Qazlal
Ru
Sif Muna
Trog
Uskayaw
Vehumet
Wu Jian
Xom
Yredelemnul
Zin
The Shining One
Jiyva

Shops:
D:10 ([[!*   D:11 !   D:14 *   D:15 [   Orc:2 *=**(   Elf:2 (   Elf:3 (
Spider:4 [   Vaults:1 [   Vaults:2 :   Vaults:4 **[   Depths:4 [

Portals:
Hell: Depths:1 Depths:2 Depths:3 Depths:4
Abyss: Depths:3
Pandemonium: Depths:2 Depths:4
Ziggurat: Depths:4

Annotations:
D:12 2 transporters, PowderKeg's ghost, journeyman FoFi
Crypt:2 3 runed translucent doors, Salub's ghost, adept MiFi
Depths:2 3 runed translucent doors
Depths:3 Mara


Innate Abilities, Weirdness & Mutations

You have sharp toenails.
You are clumsy. (Dex -2)
Your magical capacity is low. (-10% MP)
You are strong-willed. (Will+)
Your system is resistant to poisons. (rPois)
You do not regenerate when monsters are visible.
You are weak. (Str -2)
You are vulnerable to heat. (rF-)


Message History

A mysterious force pulls you upwards. The hatch slams shut behind you.
You see here a +0 giant spiked club.
Your extra speed is starting to run out.
There is an open door here.
You feel yourself slow down.
There is a stone staircase leading up here.
You fly upwards.
There is a stone staircase leading down here.
There is a stone staircase leading up here.
You fly upwards.
There is a stone staircase leading down here.
HP restored.
There is a stone staircase leading up here.
You fly upwards.
There is a stone staircase leading down here.
Aiming: Dig
Press: ? - help, Shift-Dir - straight line, f - you Please select a direction to dig.
This square is covered in magical glow.
The rock shatters into small pieces.
Aiming: Dig
Press: ? - help, Shift-Dir - straight line, f - you Please select a direction to dig.
This square is covered in magical glow.
The rock shatters into small pieces.
Aiming: Dig
Press: ? - help, Shift-Dir - straight line, f - you Please select a direction to dig.
This square is covered in magical glow.
The rock shatters into small pieces.
A red devil comes into view. It is wielding a +0 trident.
You rampage towards the red devil!
You block the red devil's attack.
There is an empty arch of ancient stone here.
The red devil completely misses you. You block the red devil's attack.
The red devil completely misses you. You block the red devil's attack.
There is a staircase leading out of the dungeon here.
You block the red devil's attack.
You have escaped!

#.......##.........>.# #..###
#.......##......###### ##.##
#.......##......# ##..#
##...............# ##.#.#
#.##############.########.##.#
.###...........#..........)..#
####.8.8.8.8.8.########.######
###.............## ###
..∩.≈≈≈≈≈≈≈≈≈≈4.@#
###.............##
##.8.8.8.8.8.## #...........#
################ ........#
......#.# .####.#.#
############## ....#.#.#
#.......#....##


You could see a red devil.

Vanquished Creatures
  the Royal Jelly (Slime:5)
  A dread lich (Crypt:3)
  An orb of fire (Zot:3)
  Boris (thrice) (Vaults:3 Depths:1 Crypt:1)
  Sojobo (Vaults:3)
  Frederick (Depths:3)
  2 Killer Klowns (Zot:3)
  Saint Roka (Orc:2)
  Xtahua (Vaults:2)
  Bai Suzhen (Vaults:3)
  A curse toe (Zot:3)
  4 caustic shrikes
  Jory (Vaults:2)
  Norris (Vaults:2)
  3 golden dragons
  the Enchantress (D:15)
  4 bone dragons
  A doom hound (Depths:3)
  An electric golem (Zot:5)
  12 tentacled monstrosities
  Jorgrun (D:12)
  A deep elf blademaster (Elf:3)
  10 Orb Guardians
  A walking earthen tome (Depths:1)
  3 liches
  2 quicksilver dragons (Depths:4)
  2 deep elf master archers (Elf:3)
  6 sphinxes
  27 acid blobs
  3 titans
  The ghost of bmack86 the Executioner, an adept MiFi of Okawaru (Swamp:3)
  5 death cobs
  The ghost of Naox the Unseen, an adept KoAr of Uskayaw (Vaults:3)
  Frances (Spider:1)
  8 tengu reavers
  2 thorn hunters
  8 ancient champions
  Donald (Orc:2)
  6 storm dragons
  Kirke (D:15)
  15 rockslimes
  4 draconian monks
  4 shadow dragons
  5 fenstrider witches
  8 frost giants
  7 azure jellies
  12 fire giants
  5 deep elf elementalists (Elf:3)
  Aizul (Swamp:4)
  5 deep elf sorcerers
  An iron dragon (Depths:4)
  2 draconian shifters (Zot:3)
  6 ghost moths
  4 vault wardens
  3 draconian scorchers
  8 emperor scorpions
  Louise (Spider:1)
  3 imperial myrmidons (Desolation)
  3 orc warlords
  A juggernaut zombie (Crypt:3)
  4 spectral caustic shrikes (Depths:1)
  2 reapers (Swamp:4)
  12 ghouls
  3 curse skulls
  9 quicksilver oozes
  A draconian stormcaller (Zot:4)
  6 caustic shrike skeletons (Crypt:3)
  A draconian annihilator (Zot:3)
  8 broodmothers
  16 stone giants
  9 very ugly things
  12 ironbound preservers
  3 war gargoyles
  5 spriggan defenders
  6 vampire knights
  5 formless jellyfish
  8 ironbound thunderhulks
  7 deep elf demonologists (Elf:3)
  8 eleionomae
  Azrael (D:15)
  A juggernaut skeleton (Crypt:3)
  6 black draconians
  5 deep elf annihilators
  5 yellow draconians
  A halazid warlock (Desolation)
  3 green draconians
  15 dire elephants
  A minotaur (Gauntlet)
  7 red draconians
  2 bunyips (Swamp:3)
  3 deep elf death magi (Elf:3)
  5 spark wasps
  4 white draconians
  6 purple draconians
  3 blizzard demons
  6 eidola
  5 jiangshi
  A merfolk impaler (Depths:3)
  8 fire dragons
  A mummy priest (Crypt:3)
  3 deep elf high priests
  2 crystal guardians (Desolation)
  11 ettins
  6 ragged hierophants (Desolation)
  9 yaktaur captains
  6 entropy weavers
  2 shambling mangroves (Swamp:4)
  Josephine (D:10)
  A vault guard (Vaults:3)
  2 quicksilver dragon skeletons (Crypt:3)
  9 hydras
  Fannar (D:10)
  The ghost of Pusmoir the Geomancer, a journeyman OpEE of Gozag (D:13)
  16 servants of whispers (Desolation)
  6 great orbs of eyes
  2 rakshasas
  3 ice dragons
  4 ogre magi
  Harold (Lair:2)
  6 spriggan air magi
  13 peacekeepers
  The ghost of dragonking145 the Fighter, a journeyman GrFi of Wu Jian (Orc:1)
  3 spriggan skeletons (Crypt:3)
  8 ironbound frosthearts
  A radroach (Spider:4)
  2 ghost crabs
  13 death yaks
  19 alligators
  4 boulder beetles
  7 demonic crawlers
  5 centaur warriors
  A deep troll shaman (Depths:3)
  9 tengu warriors
  32 dancing weapons
  3 death knights
  2 thrashing horrors (Gauntlet)
  An orc high priest (Orc:2)
  13 vampire magi
  3 deep troll earth magi
  6 two-headed ogres
  8 spriggan berserkers
  13 hell knights
  4 soul eaters
  Urug (D:13)
  13 deep elf knights
  A fire crab (Gauntlet)
  18 skeletal warriors
  12 iron trolls
  2 spectral death yaks (Lair:5)
  3 sun moths
  3 shadow wraiths
  9 pharaoh ants
  A sixfirhy (Swamp:4)
  3 titan skeletons
  A storm dragon skeleton (Crypt:3)
  45 deep trolls
  A spark wasp zombie (Depths:3)
  7 glowing orange brains
  5 goliath frogs
  3 skysharks
  A spectral anaconda (Lair:5)
  7 swamp dragons
  13 arcanists
  8 spriggan druids
  15 orb spiders
  8 steelbarb worms
  7 bog bodies
  10 lindwurms
  A deep elf archer (Elf:2)
  7 phantasmal warriors
  8 orc knights
  5 flayed ghosts
  An obsidian statue (Lair:5)
  3 occultists
  A tengu zombie (Depths:3)
  21 ironbound convokers
  3 harpies (Vaults:1)
  18 deep elf zephyrmancers
  A shadow dragon skeleton (Vaults:3)
  25 deep elf pyromancers
  5 will-o-the-wisps
  A fire giant zombie (Vaults:3)
  11 necromancers
  5 orc sorcerers
  21 wolf spiders
  11 shining eyes
  57 ugly things
  19 moths of wrath
  A stone giant zombie (Vaults:3)
  2 manticores
  An alligator skeleton (Crypt:3)
  An ice statue (IceCv)
  3 cyclopes
  18 vault sentinels
  2 frost giant skeletons
  3 black mambas
  14 elephants
  4 torpor snails
  A stone giant skeleton (Vaults:3)
  Joseph (D:7)
  4 eyes of devastation
  2 guardian serpents (Desolation)
  4 molten gargoyles
  3 centaur skeletons (Crypt:3)
  3 iron dragon skeletons
  A cane toad (shapeshifter) (D:13)
  A yaktaur zombie (Vaults:3)
  A dire elephant skeleton (Crypt:3)
  Jeremiah (D:9)
  2 orange demons
  10 cane toads
  2 gargoyles
  A kobold demonologist (D:11)
  Maggie (D:9)
  3 rime drakes
  2 naga skeletons (Crypt:3)
  4 freezing wraiths
  An unseen horror (D:12)
  Psyche (D:9)
  2 tormentors
  A steelbarb worm zombie (Crypt:3)
  14 komodo dragons
  11 guardian mummies
  9 yaktaurs
  5 tengu conjurers
  4 efreet
  2 alligator snapping turtle skeletons (Crypt:3)
  A purple draconian skeleton (Crypt:3)
  4 bloated husks
  2 hellwings (Swamp:4)
  10 trolls
  27 tarantellas
  A hydra zombie (Crypt:1)
  4 tyrant leeches
  2 raiju (shapeshifter)
  66 saltlings
  19 hornets
  Prince Ribbit (D:9)
  15 polar bears
  A spectral elephant (Lair:5)
  A harpy skeleton (Crypt:3)
  14 dream sheep
  10 blink frogs
  A stone giant simulacrum (Vaults:3)
  A centaur simulacrum (D:14)
  26 jumping spiders
  104 slime creatures
  15 wraiths
  An air elemental (Elf:1)
  An ettin skeleton (Crypt:3)
  3 shadows
  Sigmund (D:3)
  3 vampires
  5 wyverns
  21 culicivoras
  A fire bat (shapeshifter) (Elf:2)
  A ynoxinul (D:8)
  6 fire elementals
  63 yaks
  19 spriggans
  A black mamba skeleton (Crypt:2)
  A yak (shapeshifter) (D:15)
  4 basilisks
  5 fire bats
  16 humans (D:13)
  11 golden eyes
  3 chaos spawn (Swamp:4)
  11 water elementals
  2 death yak simulacra (Lair:5)
  8 vampire mosquitoes
  5 hogs (D:15)
  52 redbacks
  2 neqoxecs
  A glowing shapeshifter zombie (Crypt:1)
  Menkaure (D:6)
  A spectral cane toad (Lair:5)
  25 swamp worms
  3 wargs
  2 demonspawn zombies
  21 water moccasins
  Edmund (D:4)
  An acid dragon (D:11)
  6 hell hounds (D:15)
  A hydra simulacrum (Crypt:3)
  A water moccasin (shapeshifter) (Vaults:3)
  A deep troll skeleton (Crypt:1)
  3 swamp drakes
  A dream sheep zombie (Crypt:2)
  An ice beast (D:6)
  47 orc warriors
  An elephant zombie (Lair:5)
  3 black bears
  A swamp dragon zombie (Crypt:2)
  13 boggarts
  28 wolves
  13 ogres
  18 centaurs
  4 elephant skeletons (Lair:5)
  3 human skeletons (Vaults:3)
  4 kobold brigands
  A human zombie (Vaults:2)
  Blork the orc (D:6)
  23 bullfrogs
  A gnoll sergeant (D:9)
  4 necrophages (Crypt:3)
  4 scorpions
  A komodo dragon skeleton (Crypt:1)
  3 cane toad simulacra (Lair:5)
  3 earth elementals
  22 wights
  A salamander skeleton (Crypt:3)
  A water moccasin skeleton (Crypt:3)
  4 killer bees (D:9)
  An elephant simulacrum (Lair:5)
  7 electric eels
  6 lava snakes (Volcano)
  3 small abominations (Gauntlet)
  A basilisk zombie (Crypt:2)
  9 hounds
  15 orc priests
  A gnoll bouda (D:6)
  17 jellies
  Jessica (D:3)
  2 iguanas (D:5)
  25 orc wizards
  A basilisk skeleton (Crypt:3)
  A tengu skeleton (Crypt:2)
  2 mummies (Crypt:2)
  Robin (D:3)
  11 gnolls
  10 adders
  3 shadow imps
  14 white imps
  2 ufetubi (D:5)
  A worm (D:4)
  A dart slug (D:3)
  69 orcs
  9 ball pythons
  3 bats
  A bat skeleton (Crypt:1)
  13 endoplasms
  A giant cockroach (D:3)
  12 hobgoblins
  4 quokkas
  2 frilled lizards (D:3)
  2 gnoll skeletons
  11 goblins
  A hobgoblin skeleton (Crypt:2)
  A hobgoblin zombie (Crypt:1)
  17 kobolds
  5 rats
2405 creatures vanquished.

Vanquished Creatures (collateral kills)
  An orb of fire (Zot:5)
  2 Killer Klowns (Zot:5)
  A caustic shrike (Depths:4)
  A golden dragon (Zot:5)
  Nikola (Swamp:1)
  An electric golem (Zot:5)
  A tentacled monstrosity (Zot:5)
  A quicksilver dragon (Zot:1)
  Grunn (Depths:3)
  3 Orb Guardians (Zot:5)
  A storm dragon (Zot:5)
  A frost giant (Zot:4)
  A draconian stormcaller (Depths:4)
  A red draconian (Zot:5)
  A yellow draconian (Zot:5)
  A servant of whispers (Desolation)
  A deep troll earth mage (Depths:4)
  2 skysharks (Vaults:2)
  An iron troll (Depths:4)
  A moth of wrath (Zot:5)
  A saltling (Desolation)
  A redback (Vaults:2)
  An orc warrior (D:8)
  An ettin simulacrum (Vaults:2)
  2 orcs
  A ballistomycete spore (Zot:5)
31 creatures vanquished.

Vanquished Creatures (others)
  A dread lich (Zot:5)
  2 Killer Klowns (Zot:5)
  A curse toe (Zot:5)
  A doom hound (Depths:3)
  A tentacled monstrosity (Zot:5)
  13 Orb Guardians
  A sphinx (Zot:5)
  An imperial myrmidon (Desolation)
  A yellow draconian (Zot:5)
  An ironbound convoker (Vaults:2)
  2 deep elf zephyrmancers
  3 moths of wrath (Zot:4)
  A manticore (D:13)
  A bloated husk (Swamp:2)
  A hog (D:15)
  A water elemental (D:15)
  A steam dragon (D:8)
  A boggart (Vaults:1)
  A wight (Crypt:3)
  4 foxfires
39 creatures vanquished.

Grand Total: 2475 creatures vanquished

Notes
Turn   | Place    | Note
-------+----------+-------------------------------------------
     0 | D:1      | questionabletactics the Deep Elf Hexslinger began the quest
                  | for the Orb.
     0 | D:1      | Reached XP level 1. HP: 11/11 MP: 5/5
   116 | D:1      | Reached skill level 1 in Stealth
   408 | D:1      | Reached XP level 2. HP: 16/16 MP: 6/6
   417 | D:1      | Learned a level 2 spell: Jinxbite
  1326 | D:1      | Reached XP level 3. HP: 20/20 MP: 5/7
  1364 | D:1      | Learned a level 3 spell: Sigil of Binding
  1476 | D:2      | Found a faded altar of an unknown god.
  1544 | D:2      | Reached skill level 5 in Hexes
  2229 | D:3      | Reached XP level 4. HP: 24/24 MP: 8/8
  2284 | D:3      | Noticed Jessica
  2296 | D:3      | Killed Jessica
  2501 | D:3      | Reached skill level 5 in Ranged Weapons
  2522 | D:3      | Noticed Sigmund
  2662 | D:3      | Noticed Robin
  2703 | D:3      | Killed Robin
  2704 | D:3      | Reached XP level 5. HP: 28/28 MP: 6/9
  3001 | D:4      | Reached skill level 1 in Fighting
  3164 | D:4      | Noticed an ogre
  3446 | D:4      | Found a staircase to the Ecumenical Temple.
  3457 | D:4      | Killed an ogre
  3458 | D:4      | Reached XP level 6. HP: 35/35 MP: 7/10
  3468 | Temple   | Entered the Ecumenical Temple
  3484 | Temple   | Became a worshipper of Gozag Ym Sagoz the Greedy
  3516 | D:4      | Learned a level 3 spell: Mephitic Cloud
  3678 | D:4      | Noticed Edmund
  4066 | D:5      | Entered Level 5 of the Dungeon
  4427 | D:5      | Reached skill level 1 in Air Magic
  4427 | D:5      | Reached XP level 7. HP: 40/40 MP: 10/14
  4709 | D:6      | Found a stormy altar of Qazlal.
  4936 | D:6      | Noticed Blork the orc
  4938 | D:6      | Killed Blork the orc
  4939 | D:6      | Reached skill level 1 in Poison Magic
  4964 | D:6      | Reached XP level 8. HP: 44/44 MP: 10/15
  5149 | D:6      | Noticed Menkaure
  5152 | D:6      | Killed Menkaure
  5176 | D:6      | You fall into a shaft and drop 1 floor!
  5238 | D:7      | Noticed Joseph
  5526 | D:7      | Reached skill level 10 in Ranged Weapons
  5679 | D:7      | Killed Joseph
  5680 | D:7      | Reached skill level 5 in Spellcasting
  5874 | D:7      | Reached XP level 9. HP: 46/49 MP: 17/21
  6373 | D:8      | Identified the "Tamiqoik"
  6385 | D:8      | Reached skill level 5 in Air Magic
  6989 | D:8      | Found a snail-covered altar of Cheibriados.
  7027 | D:8      | Reached skill level 5 in Fighting
  7355 | D:8      | Reached skill level 5 in Dodging
  7807 | D:8      | Found a shimmering blue altar of Sif Muna.
  7819 | D:8      | Found a bloodstained altar of Trog.
  7819 | D:8      | Noticed a troll
  8054 | D:8      | Killed a troll
  8055 | D:8      | Reached XP level 10. HP: 59/59 MP: 18/22
  8985 | D:8      | Noticed a two-headed ogre
  9006 | D:8      | Killed a two-headed ogre
  9007 | D:8      | Reached skill level 6 in Hexes
  9368 | D:9      | Noticed Prince Ribbit
  9377 | D:9      | Killed Prince Ribbit
  9406 | D:9      | Reached skill level 7 in Hexes
  9444 | D:9      | Identified the amulet "Ruwn" {RegenMP rF- Int+4 Dex+4}
  9548 | D:9      | Reached skill level 8 in Hexes
  9646 | D:9      | Noticed a gargoyle
  9699 | D:9      | Noticed Psyche
  9749 | D:9      | Found a sparkling altar of Nemelex Xobeh.
  9931 | D:9      | Found a staircase to the Orcish Mines.
  9931 | D:9      | Noticed Maggie
 10009 | D:9      | Killed Maggie
 10010 | D:9      | Reached skill level 9 in Hexes
 10080 | D:9      | Reached XP level 11. HP: 63/63 MP: 17/23
 10205 | D:9      | Found a white marble altar of Elyvilon.
 10225 | D:9      | Noticed Jeremiah
 10318 | D:10     | Entered Level 10 of the Dungeon
 10319 | D:10     | Identified a scroll of acquirement
 10319 | D:10     | Acquired a +0 longbow of electrocution
 10601 | D:10     | Found a staircase to the Lair.
 10624 | D:10     | Found an iron altar of Okawaru.
 10731 | D:10     | Noticed Josephine
 10740 | D:10     | Killed Josephine
 10817 | D:10     | Noticed Fannar
 11084 | D:10     | Found Jeer Ali's Antique Weapon Emporium.
 11554 | D:10     | Killed Fannar
 11555 | D:10     | Reached skill level 10 in Dodging
 11839 | Lair:1   | Entered Level 1 of the Lair of Beasts
 12072 | Lair:1   | Reached skill level 1 in Evocations
 12136 | Lair:1   | Found a basalt altar of Yredelemnul.
 12567 | Lair:1   | Reached XP level 12. HP: 71/71 MP: 21/24
 12682 | Lair:1   | Learned a level 4 spell: Cause Fear
 12890 | Lair:1   | Identified the +8 hand axe of the Feather {heavy, *Rage
                  | Will++}
 13105 | Lair:2   | Found a dark tunnel.
 13113 | Volcano  | Entered a volcano
 14300 | Volcano  | Found a radiant altar of Vehumet.
 14434 | Volcano  | Noticed a stone giant
 14463 | Volcano  | Killed a stone giant
 14809 | Lair:2   | Found the +3 crown of Dyrovepreva {rElec Int+2 SInv}
 15011 | Lair:2   | Noticed Harold
 15021 | Lair:2   | Killed Harold
 15022 | Lair:2   | Reached skill level 10 in Hexes
 15606 | Lair:2   | Noticed an eight-headed hydra
 15706 | Lair:2   | Killed an eight-headed hydra
 15797 | Lair:3   | Found a staircase to the Swamp.
 15918 | Lair:3   | Reached skill level 15 in Ranged Weapons
 16208 | Lair:3   | Noticed a four-headed hydra
 16212 | Lair:3   | Killed a four-headed hydra
 16380 | Lair:3   | Reached XP level 13. HP: 80/80 MP: 22/25
 16703 | Lair:3   | Found a hole to the Spider Nest.
 17202 | Gauntlet | Identified the of Cyecuikoh
 17248 | Lair:4   | Found a staircase to the Slime Pits.
 17262 | Lair:4   | Found a viscous altar of Jiyva.
 17406 | Lair:4   | Noticed Nessos
 17438 | Lair:4   | Found a gate leading to a gauntlet.
 17458 | Gauntlet | Entered a Gauntlet
 17458 | Gauntlet | Found a transporter.
 17458 | Gauntlet | Found a transporter.
 17479 | Gauntlet | Found a transporter.
 17479 | Gauntlet | Found a transporter.
 17496 | Gauntlet | Found a transporter.
 17504 | Gauntlet | Found a transporter.
 17508 | Gauntlet | Found a transporter.
 17516 | Gauntlet | Found a transporter.
 17516 | Gauntlet | Found the brooch of Shielding {Spirit SH+8}
 17532 | Gauntlet | Found a transporter.
 17546 | Gauntlet | Found a transporter.
 17550 | Gauntlet | Found a transporter.
 17552 | Gauntlet | Found a runed translucent gate.
 17552 | Gauntlet | Found a runed translucent gate.
 17552 | Gauntlet | Found a runed translucent gate.
 17558 | Gauntlet | Found a transporter.
 17636 | Gauntlet | Identified the amulet "Yploxien" {Reflect rN+ Regen+ Int+3
                  | SH+5}
 17728 | Gauntlet | Identified the ring "Ynos" {Fly rElec rC- Int+3}
 17835 | Gauntlet | Identified the +1 great mace "Xolei" {antimagic, rN+ Int+2
                  | Dex+4}
 17835 | Gauntlet | Identified the +1 ring mail of Distant Shores {Rampage rN+
                  | Str-5 Int+5}
 17835 | Gauntlet | Noticed a minotaur
 17845 | Gauntlet | Killed a minotaur
 17846 | Gauntlet | Reached skill level 10 in Fighting
 17846 | Gauntlet | Found the +5 robe of Night {Dark Will+ SInv}
 18071 | Lair:4   | Nessos changed into Nessos the skyshark
 18071 | Lair:4   | Noticed Nessos
 18086 | Lair:4   | Killed Nessos the skyshark
 18318 | Lair:5   | Entered Level 5 of the Lair of Beasts
 18437 | Lair:5   | Learned a level 4 spell: Dimensional Bullseye
 18462 | Lair:5   | Reached skill level 1 in Translocations
 19125 | Lair:4   | Reached XP level 14. HP: 56/88 MP: 18/26
 19580 | Lair:5   | Identified the +5 broad axe of the Forgotten Suns {flame,
                  | Contam Will+ Int+2}
 20347 | D:9      | Killed Jeremiah
 20419 | D:9      | Killed Psyche
 20555 | D:4      | Killed Edmund
 20611 | D:3      | Killed Sigmund
 21220 | D:11     | Found Wefup's Distillery.
 21262 | D:11     | Bought 2 potions of heal wounds for 140 gold pieces
 21262 | D:11     | Bought a potion of might for 56 gold pieces
 21263 | D:11     | Bought a potion of haste for 140 gold pieces
 21331 | D:11     | Learned a level 4 spell: Leda's Liquefaction
 21562 | D:11     | Identified the +1 leather armour of the Baku {Int+5}
 21752 | D:12     | Noticed a tengu reaver
 21780 | D:12     | Found a transporter.
 21782 | D:12     | Noticed PowderKeg's ghost (journeyman FoFi)
 21844 | D:12     | Noticed Jorgrun
 22096 | D:12     | Found a transporter.
 22734 | Orc:1    | Entered Level 1 of the Orcish Mines
 23048 | Orc:2    | Entered Level 2 of the Orcish Mines
 23106 | Orc:2    | Noticed Saint Roka
 23243 | Orc:1    | Reached skill level 11 in Hexes
 23257 | Orc:1    | Found a runed translucent door.
 23257 | Orc:1    | Noticed dragonking145's ghost (journeyman GrFi)
 23669 | Orc:2    | Killed Saint Roka
 23766 | Orc:2    | Found Adon's General Store.
 23775 | Orc:2    | Bought a book of Spatial Translocations for 252 gold pieces
 23778 | Orc:2    | Learned a level 2 spell: Blink
 23883 | Orc:2    | Noticed an orc warlord
 23897 | Orc:2    | Killed an orc warlord
 23972 | Orc:2    | Found a staircase to the Elven Halls.
 24043 | Orc:2    | Reached skill level 12 in Hexes
 24296 | Orc:2    | Found Nacsiqot's General Store.
 24296 | Orc:2    | Found Ygaisuv's General Store.
 24298 | Orc:2    | Found Qoipu's Weapon Shoppe.
 24300 | Orc:2    | Found Loneqois's Jewellery Shop.
 24707 | D:10     | Bought a glowing hand cannon for 240 gold pieces
 24714 | D:10     | Bought a +2 cloak of poison resistance for 296 gold pieces
 24761 | D:13     | Noticed Urug
 24761 | D:13     | Found a gate to the Vaults.
 24813 | D:13     | Found a frozen archway.
 24842 | D:13     | Reached XP level 15. HP: 87/97 MP: 26/28
 24894 | IceCv    | Entered an ice cave
 25531 | IceCv    | Found the +0 mask of the Dragon {Will+ Slay+3 SInv}
 26173 | D:13     | Found a runed translucent door.
 26187 | D:13     | Noticed Pusmoir's ghost (journeyman OpEE)
 26235 | D:13     | Reached skill level 5 in Evocations
 26578 | D:13     | Killed Urug
 26793 | D:14     | Found Ratsos's Demolitions Depot.
 26948 | D:14     | Identified the +7 short sword of Imbalance {heavy, rElec
                  | Str+3}
 26961 | D:14     | Identified the +2 scale mail of the Harvest {Will- MP+9
                  | Int+4}
 27297 | D:14     | Reached skill level 15 in Dodging
 27468 | D:15     | Entered Level 15 of the Dungeon
 27931 | D:15     | Found a staircase to the Depths.
 27968 | D:15     | Noticed Azrael
 27985 | D:15     | Killed Azrael
 28059 | D:15     | Noticed Kirke
 28064 | D:15     | Noticed a sphinx
 28067 | D:15     | Killed Kirke
 28261 | D:15     | Reached XP level 16. HP: 105/105 MP: 31/31
 28898 | D:15     | Bought a warped leather armour for 259 gold pieces
 28898 | D:15     | Identified the +1 leather armour "Idieveuz" {rC+ Int+2}
                  | (You bought it in a shop on level 15 of the Dungeon)
 28901 | D:15     | Bought a glowing cloak for 277 gold pieces
 29067 | D:10     | Bought a +2 buckler of poison resistance for 296 gold
                  | pieces
 29076 | D:10     | Bought a pair of runed gloves for 195 gold pieces
 29166 | Swamp:1  | Entered Level 1 of the Swamp
 29282 | Swamp:1  | Reached skill level 1 in Shields
 29573 | Swamp:1  | Noticed Nikola
 29583 | Swamp:1  | Killed Nikola
 29695 | Swamp:1  | Found a transporter.
 29756 | Swamp:1  | Found a transporter.
 30045 | Swamp:2  | Noticed a thorn hunter
 30123 | Swamp:2  | Killed a thorn hunter
 30289 | Swamp:2  | Noticed a tentacled monstrosity
 30290 | Swamp:2  | Noticed a tentacled monstrosity
 30290 | Swamp:2  | Noticed a tentacled monstrosity
 30415 | Swamp:2  | Noticed a tentacled monstrosity
 30443 | Swamp:2  | Killed a tentacled monstrosity
 30456 | Swamp:2  | Killed a tentacled monstrosity
 30848 | Swamp:2  | Reached skill level 5 in Shields
 30972 | Swamp:2  | Killed a tentacled monstrosity
 32508 | Orc:2    | Bought a scroll of enchant weapon for 112 gold pieces
 32730 | Swamp:3  | Reached skill level 13 in Hexes
 32788 | Swamp:3  | Found a runed translucent door.
 32788 | Swamp:3  | Noticed bmack86's ghost (adept MiFi)
 33348 | Swamp:4  | Entered Level 4 of the Swamp
 33348 | Swamp:4  | Noticed a tentacled monstrosity
 33366 | Swamp:4  | Noticed Aizul
 33375 | Swamp:4  | Killed Aizul
 33624 | Swamp:4  | Reached XP level 17. HP: 91/112 MP: 32/32
 33667 | Swamp:4  | Reached skill level 10 in Spellcasting
 33684 | Swamp:4  | Killed a tentacled monstrosity
 34589 | Swamp:4  | Gained mutation: You are weak. (Str -2) [a neqoxec]
 34759 | Swamp:4  | Noticed a tentacled monstrosity
 34763 | Swamp:4  | Killed a tentacled monstrosity
 34857 | Swamp:4  | Got a decaying rune of Zot
 35008 | Swamp:4  | Paralysed by a hornet for 2 turns
 35295 | D:10     | Bought a potion of haste for 130 gold pieces
 35297 | D:10     | Bought a potion of curing for 54 gold pieces
 35297 | D:10     | Bought a potion of mutation for 144 gold pieces
 35297 | D:10     | Lost mutation: You are weak. (Str -2) [potion of mutation]
 35297 | D:10     | Gained mutation: Your spells are a little easier to cast,
                  | but a little less powerful. [potion of mutation]
 35297 | D:10     | Gained mutation: Your spells are easier to cast, but less
                  | powerful. [potion of mutation]
 35297 | D:10     | Gained mutation: You have supernaturally acute eyesight.
                  | (SInv) [potion of mutation]
 35358 | Spider:1 | Entered Level 1 of the Spider Nest
 35448 | Spider:1 | Noticed Louise
 35465 | Spider:1 | Killed Louise
 36124 | Spider:1 | Noticed Frances
 36131 | Spider:1 | Killed Frances
 36201 | Spider:1 | Reached skill level 15 in Fighting
 36343 | Spider:1 | You fall into a shaft and drop 1 floor!
 37437 | Spider:2 | Reached XP level 18. HP: 119/119 MP: 35/35
 37737 | Spider:2 | Identified the +0 chain mail of Nycogriu {Harm rPois Regen+
                  | Str-3 Stlth+}
 38862 | Spider:4 | Entered Level 4 of the Spider Nest
 39190 | Spider:4 | Reached skill level 10 in Shields
 41169 | Spider:4 | Got a gossamer rune of Zot
 41676 | D:12     | Killed Jorgrun
 41893 | D:13     | Killed Pusmoir's ghost
 42105 | Orc:1    | Killed dragonking145's ghost
 42666 | Lair:5   | Reached XP level 19. HP: 125/125 MP: 36/36
 42973 | Swamp:3  | Killed bmack86's ghost
 43080 | Swamp:1  | Identified the +2 pair of gloves of Parlour Games {+Inv rC+
                  | Regen+ Str-5}
 43084 | Swamp:1  | Identified the ring "Sobbonwir" {rN+ Will+ Str-3 Int+6}
 43294 | Desolati | Identified the "Pyuggi"
 43294 | Desolati | Identified the of Duqei
 43294 | Desolati | Identified the "Dezal"
 43294 | Desolati | Identified the "Fuqodd"
 43294 | Vaults:5 | Identified the "Ilaitz"
 43294 | Crypt:1  | Identified the "Sumolar"
 43294 | Crypt:2  | Identified the "Weriasar"
 43294 | Crypt:3  | Identified the "Elamec"
 43294 | Depths:2 | Identified the "Kitoos"
 43294 | Depths:2 | Identified the "Segrilun"
 43294 | Elf:1    | Entered Level 1 of the Elven Halls
 43463 | Elf:1    | Noticed Donald
 43475 | Orc:2    | Killed Donald
 43679 | Elf:1    | Paralysed by an air elemental for 1 turns
 44471 | Elf:2    | Found Olosk's Assorted Antiques.
 44569 | Elf:2    | Found Qaox's Weapon Shoppe.
 45030 | Elf:2    | Found a runed translucent gate.
 45030 | Elf:2    | Found a runed translucent gate.
 45030 | Elf:2    | Found a runed translucent gate.
 47832 | Vaults:1 | Entered Level 1 of the Vaults
 48113 | Vaults:1 | Found Xauhiwn's Armour Boutique.
 48594 | Vaults:1 | Found a portal to a secret trove of treasure.
 48761 | Vaults:1 | Learned a level 4 spell: Anguish
 49182 | Vaults:2 | Reached skill level 14 in Hexes
 49190 | Vaults:2 | Reached XP level 20. HP: 132/134 MP: 37/37
 49491 | Vaults:2 | Noticed Norris
 49755 | Vaults:2 | Noticed Xtahua
 49764 | Vaults:2 | Killed Xtahua
 49785 | Vaults:2 | Noticed Jory
 50176 | Vaults:2 | Killed Jory
 50177 | Vaults:2 | Reached skill level 15 in Hexes
 50507 | Vaults:2 | Found a staircase to the Crypt.
 50618 | Vaults:2 | Identified the +5 sling "Ymuesir" {drain, rN+ Str+6 Int-2}
 50798 | Vaults:2 | Found Peciw's Book Shop.
 50803 | Vaults:2 | Bought a manual of Shields for 1360 gold pieces
 51013 | Vaults:3 | Noticed Boris
 51453 | Vaults:3 | Killed Boris
 51530 | Vaults:3 | Reached skill level 15 in Shields
 51714 | Vaults:2 | Killed Norris
 51963 | Vaults:3 | Noticed Bai Suzhen
 51972 | Vaults:3 | Killed Bai Suzhen
 52340 | Vaults:3 | Noticed Sojobo
 52525 | Vaults:2 | Bought Great Wizards, Vol. VII for 510 gold pieces
 52531 | Vaults:2 | Learned a level 5 spell: Yara's Violent Unravelling
 52605 | Vaults:3 | Killed Sojobo
 52886 | Vaults:3 | Found a runed translucent door.
 52888 | Vaults:3 | Noticed Naox's ghost (adept KoAr)
 53009 | Vaults:3 | Reached XP level 21. HP: 128/139 MP: 34/39
 53235 | Vaults:3 | Killed Naox's ghost
 53305 | Vaults:4 | Found Biysihig's Assorted Antiques.
 53312 | Vaults:4 | Bought a scroll of teleportation for 132 gold pieces
 53312 | Vaults:4 | Bought a potion of curing for 132 gold pieces
 53468 | Vaults:4 | Found Ynefaupp's Assorted Antiques.
 53506 | Vaults:4 | Found a crumbling gateway.
 53525 | Desolati | Entered the Desolation of Salt
 54260 | Desolati | Identified the +7 battleaxe of Descent {flame, rN+}
 54260 | Desolati | Identified the +1 ring mail of the Forest {Dex+3 Stlth+}
 54457 | Desolati | Identified the +3 helmet "Pagab" {rCorr Str+2 Dex+3}
 54783 | Desolati | Identified the +6 orcbow of Rutyck {flame, Str+2}
 54920 | Desolati | Identified the +10 war axe of Kismet {flame, rElec rN++
                  | Dex-5 Stlth+}
 54921 | Desolati | Identified the +2 battleaxe "Cilofric" {freeze, Int+3}
 54929 | Desolati | Identified the +5 whip of Impermanence {speed, Str+2}
 54943 | Desolati | Identified the +0 plate armour of Noasatup {Will+ Regen+
                  | Int+2}
 55404 | Vaults:4 | Identified the +0 leather armour of Terror {*Slow Will+
                  | Str+2 Int+3 Dex+3}
 55498 | Vaults:4 | Bought a potion of curing for 135 gold pieces
 55498 | Vaults:4 | Bought a potion of heal wounds for 225 gold pieces
 56808 | Elf:3    | Identified the "Ducymnen"
 56808 | Elf:3    | Identified the "Cehi"
 56808 | Elf:3    | Entered Level 3 of the Elven Halls
 57378 | Elf:3    | Reached XP level 22. HP: 83/147 MP: 39/41
 58263 | Elf:3    | Identified the +5 long sword of the Past {flame, Str+4
                  | Int+6}
 58263 | Elf:3    | Identified the amulet "Hiumops" {RegenMP +Inv MP+9 Dex+2
                  | SInv}
 58562 | Elf:3    | Found the necklace of Bloodlust {Fury *Rage Will++ Int-3
                  | Slay+6}
 58567 | Elf:3    | Identified the staff of the Old World {+Blink rElec rPois
                  | rF+ rC+ Ice}
 58579 | Elf:3    | Identified the +5 scale mail "Iteunu" {rElec Will- SInv}
 58627 | Elf:3    | Identified the +3 buckler of Hide-and-Seek {rC- Dex+3
                  | Stlth+}
 58645 | Elf:3    | Identified the +7 rapier of Soft Eternal Vigilance {spect,
                  | rF+}
 59131 | Elf:3    | Found Ciorph's Antique Weapon Shoppe.
 59457 | Depths:1 | Entered Level 1 of the Depths
 59677 | Depths:1 | Noticed the Enchantress
 59977 | D:15     | Killed the Enchantress
 60359 | D:15     | Reached skill level 16 in Hexes
 61570 | Depths:1 | Noticed Boris
 61591 | Depths:1 | Killed Boris
 61788 | Depths:1 | Reached skill level 17 in Hexes
 61792 | Depths:1 | Noticed a golden dragon
 61795 | Depths:1 | Killed a golden dragon
 62164 | Depths:1 | Found a gateway to Hell.
 62347 | Depths:1 | Reached skill level 1 in Earth Magic
 62476 | Depths:2 | Found a one-way gate leading to the halls of Pandemonium.
 62626 | Depths:2 | Reached skill level 1 in Transmutations
 62819 | Depths:2 | Identified the +6 mace of Wyrd {venom, rF+++ Str-2 Int-5}
 63084 | Depths:2 | Found a stormy altar of Qazlal.
 63139 | Depths:2 | Found a runed translucent door.
 63204 | Depths:2 | Found a runed translucent door.
 63207 | Depths:2 | Noticed a golden dragon
 63208 | Depths:2 | Found a runed translucent door.
 63788 | Depths:3 | Reached XP level 23. HP: 140/153 MP: 42/42
 63950 | Depths:3 | Noticed Grunn
 63961 | Depths:3 | Killed Grunn
 64026 | Depths:3 | Noticed Frederick
 64030 | Depths:3 | Killed Frederick
 64230 | Depths:3 | Identified the ring of Cheibriados's Reproof {Fly rC++
                  | Str+2 Slay-3 SInv}
 64243 | Depths:3 | Found a radiant altar of Vehumet.
 64367 | Depths:3 | Noticed Mara
 64498 | Depths:3 | Found a one-way gate to the infinite horrors of the Abyss.
 64662 | Depths:4 | Entered Level 4 of the Depths
 64717 | Depths:4 | Noticed a caustic shrike
 65252 | Depths:4 | Noticed a caustic shrike
 65263 | Depths:4 | Noticed a caustic shrike
 65264 | Depths:4 | Noticed a caustic shrike
 65265 | Depths:4 | Noticed a caustic shrike
 65271 | Depths:3 | Killed a caustic shrike
 65467 | Depths:3 | Killed a caustic shrike
 65852 | Depths:4 | Killed a caustic shrike
 66112 | Depths:4 | Killed a caustic shrike
 66483 | Depths:4 | Found a one-way gateway to a ziggurat.
 66695 | Depths:4 | Found a gate to the Realm of Zot.
 67031 | Depths:4 | Found a broken altar of Ashenzari.
 67128 | Depths:4 | Killed a caustic shrike
 67885 | Crypt:1  | Entered Level 1 of the Crypt
 67885 | Crypt:1  | Noticed Boris
 67893 | Crypt:1  | Killed Boris
 69434 | Crypt:2  | Found a runed translucent gate.
 69436 | Crypt:2  | Found a runed translucent gate.
 69436 | Crypt:2  | Found a runed translucent gate.
 69437 | Crypt:2  | Noticed Salub's ghost (adept MiFi)
 70163 | Crypt:3  | Entered Level 3 of the Crypt
 70241 | Crypt:3  | Found a staircase to the Tomb.
 70449 | Crypt:3  | Reached XP level 24. HP: 163/163 MP: 42/42
 72287 | Crypt:3  | Noticed a dread lich
 72295 | Crypt:3  | Killed a dread lich
 72313 | Crypt:3  | Identified the ring of Hakoomm {rElec rC- rN+ Dex+3}
 72313 | Crypt:3  | Identified the ring "Mesuqeypp" {rN+ Str+5}
 72342 | Crypt:3  | Identified the +9 flail of Sloth {freeze, Fragile Will+
                  | Dex+9}
 72873 | Slime:1  | Entered Level 1 of the Pits of Slime
 75154 | Slime:2  | You fall into a shaft and drop 2 floors!
 75167 | Slime:3  | Gained mutation: You sometimes lose your temper in combat.
                  | [a shining eye]
 75676 | Slime:2  | Gained mutation: You are clumsy. (Dex -2) [a shining eye]
 75845 | Slime:2  | Lost mutation: You have supernaturally acute eyesight.
                  | (SInv) [potion of mutation]
 75845 | Slime:2  | Lost mutation: Your spells are easier to cast, but less
                  | powerful. [potion of mutation]
 75845 | Slime:2  | Gained mutation: You are partially covered in iridescent
                  | scales. (AC +2) [potion of mutation]
 75845 | Slime:2  | Gained mutation: You expend magic power (3 MP) to
                  | strengthen your wands. [potion of mutation]
 75845 | Slime:2  | Gained mutation: You are strong-willed. (Will+) [potion of
                  | mutation]
 76240 | Slime:3  | Lost mutation: You are partially covered in iridescent
                  | scales. (AC +2) [a shining eye]
 77178 | Slime:5  | Identified the "Vunaf"
 77178 | Slime:5  | Identified the of Masoruro
 77178 | Slime:5  | Entered Level 5 of the Pits of Slime
 77818 | Slime:5  | Noticed the Royal Jelly
 78321 | Slime:5  | Killed the Royal Jelly
 78684 | Slime:5  | Gained mutation: You are vulnerable to heat. (rF-) [a
                  | shining eye]
 78695 | Slime:5  | Lost mutation: You expend magic power (3 MP) to strengthen
                  | your wands. [potion of mutation]
 78695 | Slime:5  | Lost mutation: You sometimes lose your temper in combat.
                  | [potion of mutation]
 78695 | Slime:5  | Lost mutation: Your spells are a little easier to cast, but
                  | a little less powerful. [potion of mutation]
 78695 | Slime:5  | Gained mutation: You sometimes lose your temper in combat.
                  | [potion of mutation]
 78696 | Slime:5  | Lost mutation: You are strong-willed. (Will+) [potion of
                  | mutation]
 78696 | Slime:5  | Lost mutation: You are clumsy. (Dex -2) [potion of
                  | mutation]
 78696 | Slime:5  | Gained mutation: You have hidden genetic potential. [potion
                  | of mutation]
 78696 | Slime:5  | Gained mutation: Your flesh is cold resistant. (rC+)
                  | [potion of mutation]
 78697 | Slime:5  | Lost mutation: You have hidden genetic potential. [potion
                  | of mutation]
 78697 | Slime:5  | Lost mutation: Your flesh is cold resistant. (rC+) [potion
                  | of mutation]
 78697 | Slime:5  | Lost mutation: You sometimes lose your temper in combat.
                  | [potion of mutation]
 78697 | Slime:5  | Gained mutation: Potions are less effective at restoring
                  | your health. [potion of mutation]
 78697 | Slime:5  | Gained mutation: Your movements are slightly less
                  | encumbered by armour. (ER -2) [potion of mutation]
 78698 | Slime:5  | Lost mutation: You are vulnerable to heat. (rF-) [potion of
                  | mutation]
 78698 | Slime:5  | Lost mutation: Potions are less effective at restoring your
                  | health. [potion of mutation]
 78698 | Slime:5  | Lost mutation: Your movements are slightly less encumbered
                  | by armour. (ER -2) [potion of mutation]
 78698 | Slime:5  | Gained mutation: You are occasionally teleported next to
                  | monsters. [potion of mutation]
 78698 | Slime:5  | Gained mutation: Your system is resistant to poisons.
                  | (rPois) [potion of mutation]
 78698 | Slime:5  | Gained mutation: Your mind is acute. (Int +4, Str/Dex -1)
                  | [potion of mutation]
 78698 | Slime:5  | Gained mutation: You are partially covered in iridescent
                  | scales. (AC +2) [potion of mutation]
 78699 | Slime:5  | Lost mutation: Your system is resistant to poisons. (rPois)
                  | [potion of mutation]
 78699 | Slime:5  | Lost mutation: You are partially covered in iridescent
                  | scales. (AC +2) [potion of mutation]
 78699 | Slime:5  | Gained mutation: Your body sometimes deteriorates upon
                  | taking damage. [potion of mutation]
 78699 | Slime:5  | Gained mutation: Your body often deteriorates upon taking
                  | damage. [potion of mutation]
 78700 | Slime:5  | Lost mutation: You are occasionally teleported next to
                  | monsters. [potion of mutation]
 78700 | Slime:5  | Lost mutation: Your body often deteriorates upon taking
                  | damage. [potion of mutation]
 78700 | Slime:5  | Lost mutation: Your body sometimes deteriorates upon taking
                  | damage. [potion of mutation]
 78700 | Slime:5  | Gained mutation: You are weak. (Str -2) [potion of
                  | mutation]
 78722 | Slime:5  | Identified the +11 shortbow of Calamity {antimagic, rN+
                  | SInv}
 78742 | Slime:5  | Learned a level 8 spell: Discord
 78833 | Slime:5  | Got a slimy rune of Zot
 78939 | Slime:5  | Identified the staff "Usubb" {+Blink Str-3 Int-4 Stlth+
                  | Conj}
 79662 | Vaults:1 | You showed the slimy rune of Zot to enter a treasure trove
 79663 | Trove    | Identified the "Enyzodwusi" (You found it in a treasure
                  | trove)
 79663 | Trove    | Identified the of Xidylono
 79663 | Trove    | Identified the of Mofaej (You found it in a treasure
                  | trove)
 79663 | Trove    | Entered a treasure trove
 79716 | Trove    | Identified the ring of Checkmate {Fire rN+ MP+9 Str+4
                  | Slay+2}
 79755 | Trove    | Identified the +5 ring mail of Rasyic {Dex+4}
 80053 | Zot:1    | Entered Level 1 of the Realm of Zot
 80167 | Zot:1    | Reached skill level 18 in Hexes
 80278 | Zot:1    | Reached XP level 25. HP: 63/172 MP: 42/42
 80999 | Zot:2    | Reached skill level 19 in Hexes
 81175 | Zot:3    | Noticed a Killer Klown
 81520 | Zot:3    | Reached skill level 20 in Hexes
 81521 | Zot:3    | Noticed an orb of fire
 81534 | Zot:3    | Gained mutation: You are vulnerable to heat. (rF-) [an orb
                  | of fire]
 81536 | Zot:3    | Gained mutation: You are frail. (-10% HP) [an orb of fire]
 81538 | Zot:3    | Gained mutation: You are clumsy. (Dex -2) [an orb of fire]
 81540 | Zot:3    | Gained mutation: Your magical capacity is low. (-10% MP)
                  | [an orb of fire]
 81541 | Zot:3    | Killed an orb of fire
 81561 | Zot:3    | Killed a Killer Klown
 82307 | Zot:3    | Noticed a Killer Klown
 82312 | Zot:3    | Killed a Killer Klown
 82577 | Zot:3    | Reached skill level 21 in Hexes
 84548 | D:10     | Bought 2 potions of mutation for 288 gold pieces
 84548 | D:10     | Lost mutation: You are clumsy. (Dex -2) [potion of
                  | mutation]
 84548 | D:10     | Lost mutation: Your mind is acute. (Int +4, Str/Dex -1)
                  | [potion of mutation]
 84548 | D:10     | Gained mutation: You are clumsy. (Dex -2) [potion of
                  | mutation]
 84548 | D:10     | Gained mutation: You are strong-willed. (Will+) [potion of
                  | mutation]
 84548 | D:10     | Gained mutation: You occasionally lose the ability to drink
                  | potions when taking damage. [potion of mutation]
 84549 | D:10     | Lost mutation: You are frail. (-10% HP) [potion of
                  | mutation]
 84549 | D:10     | Lost mutation: You occasionally lose the ability to drink
                  | potions when taking damage. [potion of mutation]
 84549 | D:10     | Gained mutation: You have sharp toenails. [potion of
                  | mutation]
 84549 | D:10     | Gained mutation: Your system is resistant to poisons.
                  | (rPois) [potion of mutation]
 84635 | D:11     | Bought a potion of resistance for 140 gold pieces
 84635 | D:11     | Bought a potion of cancellation for 112 gold pieces
 84845 | Vaults:4 | Bought a potion of resistance for 450 gold pieces
 84845 | Vaults:4 | Bought a scroll of enchant armour for 337 gold pieces
 85236 | Zot:4    | Reached skill level 22 in Hexes
 86105 | Zot:4    | Reached skill level 23 in Hexes
 86325 | Zot:3    | Learned a level 1 spell: Apportation
 87052 | Zot:4    | Reached skill level 24 in Hexes
 87201 | Zot:5    | Entered Level 5 of the Realm of Zot
 87353 | Zot:5    | Noticed an orb of fire
 87361 | Zot:5    | Noticed a Killer Klown
 87368 | Zot:5    | Noticed a dread lich
 87368 | Zot:5    | Noticed an orb of fire
 87382 | Zot:5    | Noticed an orb of fire
 87394 | Zot:5    | Killed a Killer Klown
 87415 | Zot:5    | Paralysed by a Zot trap for 4 turns
 87418 | Zot:5    | Killed a Killer Klown
 87461 | Zot:5    | Reached skill level 25 in Hexes
 87464 | Zot:5    | Killed an orb of fire
 87662 | Zot:5    | Noticed a Killer Klown
 87662 | Zot:5    | Noticed an orb of fire
 87662 | Zot:5    | Gained mutation: You do not regenerate when monsters are
                  | visible. [an orb of fire]
 87673 | Zot:5    | Killed a Killer Klown
 87676 | Zot:5    | Reached XP level 26. HP: 177/177 MP: 38/38
 87679 | Zot:5    | Got the Orb of Zot
 87887 | Depths:4 | Noticed Vudwax the pandemonium lord
 87904 | Depths:4 | Noticed an ancient lich
 88389 | D:$      | Escaped with the Orb!

Illustrated notes

Levels and vault maps discovered:
D:1:      mainiacjoe_arrival_reflecting_pool, layout_basic, dk_noncrumbling_3,
          st_stairs_6, serial_bayou_pond_a, minmay_tetromino_o4
D:2:      layout_loops_ring, shapermc_ecumenical_altar_starsandcircs,
          minmay_misc_feat_plants, minmay_crystal_room, grunt_ministairs_14
D:3:      layout_rooms, uniq_sigmund, uniq_robin, uniq_jessica
D:4:      layout_basic, minmay_temple_entry_offerings, serial_corexii_hall,
          chequers_hall_statues_y, corexii_hall_statues_l,
          corexii_hall_statues_x, nicolae_zen_rock_garden, uniq_edmund
D:5:      layout_cave_pools
D:6:      layout_layer_cave, amcnicky_altar_gilded, kennysheep_cluttered_room,
          uniq_blork_the_orc, uniq_menkaure
D:7:      layout_gridville, nicolae_figureground_pulse, uniq_joseph
D:8:      layout_layer_cave, lemuel_tele_altar,
          nzn_overflow_gifts_of_might_and_magic, kennysheep_cross_bottleneck
D:9:      layout_cross, nemelex_altar_shiori, elyvilon_altar_3, david_orc_5,
          uniq_maggie, uniq_prince_ribbit1, uniq_psyche, uniq_jeremiah
D:10:     layout_roguey, okawaru_gym_becter, erik_lair_island, serial_shops,
          shop, uniq_fannar, uniq_josephine
D:11:     layout_loops_corners, serial_shops, nicolae_shop_industrial_runoff
D:12:     layout_basic, gammafunk_ghost_arena, uniq_jorgrun
D:13:     layout_stronghold, david_vaults_3, portal_ice_cave_entry_imps,
          ebering_ghost_inner_flame
D:14:     layout_long_grid, nicolae_water_bricks, nicolae_blasting_shop
D:15:     hangedman_depths_entry_civil_slaughter, layout_basic,
          wad_floor_pattern_2, st_stairs_3, kennysheep_pointless_box,
          uniq_kirke, uniq_azrael
Temple:   hellmonk_temple_of_storms
Lair:1:   layout_regular_city, basic_altar, beast_lair_carwin_8,
          grunt_megastairs_4
Lair:2:   layout_cave_pods, nicolae_volcano_entry_hallway,
          infiniplex_staircase_pool, grunt_megastairs_1, uniq_harold
Lair:3:   layout_gridlike, minmay_swamp_entry_worms, spider_nest_entry_a,
          infiniplex_staircase_pool_2, lemuel_fruit_tree
Lair:4:   layout_roguey, minmay_slime_entry_jelly_boxes, gauntlet_entry_generic,
          st_stairs_8, uniq_nessos
Lair:5:   due_jungle_book, layout_gridlike
Swamp:1:  gammafunk_worm_tunnel, layout_basic_swamp,
          evilmike_swamp_ruin_house_1, uniq_nikola
Swamp:2:  nzn_winding_woodlands_three_and_one
          [nzn_winding_woodlands_5x15_parted,
          nzn_winding_woodlands_5x15_longhouse,
          nzn_winding_woodlands_5x15_sawtooth,
          nzn_winding_woodlands_center_triple_pond], layout_falls_marsh,
          evilmike_swamp_ruin_house_4
Swamp:3:  layout_basic_swamp, hellmonk_ghost_happy_afterlife,
          evilmike_swamp_ruin_house_3
Swamp:4:  nzn_swamp_witches_coven, layout_basic_swamp, uniq_aizul
Spider:1: layout_spider_delve, uniq_frances, uniq_louise
Spider:2: layout_spider_delve
Spider:3: layout_spider_delve
Spider:4: guppyfry_spider_rune
Slime:1:  layout_caves, cheibrodos_slime_lost_civilization_7
Slime:2:  layout_caves, nicolae_slime_rock_hall_of_fame
Slime:3:  layout_caves
Slime:4:  layout_caves
Slime:5:  slime_pit_nicolae_inversion
Orc:1:    layout_caves, gammafunk_ghost_grave
Orc:2:    st_orc_rangers, layout_diamond_mine, serial_shops, shop,
          david_defended_altar_orc, uniq_saint_roka
Elf:1:    layout_gridlike, hangedman_elf_disciples,
          ebering_dispersal_statue_hall, amcnicky_mini_corridor_feature,
          lemuel_upstairs_altar, roderic_lattice_octagonal_star, uniq_donald
Elf:2:    nicolae_elf_blades_splatter_lattice [nicolae_blade_bullseye],
          layout_loops_cross, serial_shops, nicolae_stop_n_shop_1, shop
Elf:3:    elf_hall, layout_loops_corners, serial_shops, nicolae_shop_crystal,
          hangedman_elven_ridges
Vaults:1: nicolae_vaults_an_arrangement, nicolae_vaults_tetromino_T_1,
          vaults_dpeg_emergency_exit, nicolae_vaults_little_squares_6,
          ontoclasm_vaults_loading_screen, nicolae_vaults_tetromino_T_1,
          v_alt_pattern_1, v_misc_3, ontoclasm_vaults_chip,
          nicolae_vaults_trapezoid_lopsided_3, vaults_dpeg_diagonal, v_rooms_2,
          hangedman_vaults_snaps, nicolae_vaults_variable_pillar_hall,
          layout_vaults_omnibox, serial_shops, nicolae_shop_stone, enter_trove_3
Vaults:2: v_misc_24, hangedman_vaults_nails, minmay_crypt_entry_simple_walls,
          nicolae_vaults_oval_intersection, v_alt_pattern_6,
          nicolae_vaults_storage_closets_1, nicolae_vaults_little_squares_2,
          ontoclasm_vaults_spin, nicolae_vaults_trapezoid_lopsided_1, v_misc_5,
          layout_vaults_quadrants, serial_shops, shop, uniq_jory, uniq_xtahua,
          uniq_norris
Vaults:3: ebering_ghost_reflecting_pool, nicolae_vaults_trapezoid_lopsided_4,
          v_alt_pattern_4, v_alt_pattern_6, hangedman_vaults_maws,
          nicolae_vaults_little_squares_3, nicolae_vaults_trapezoid_lopsided_2,
          dpeg_vaults_waves, v_misc_4, nicolae_vaults_steering_wheel,
          nicolae_vaults_theta, v_misc_14, layout_vaults_ring, uniq_bai_suzhen,
          uniq_sojobo, uniq_boris
Vaults:4: portal_desolation_entry_salt, grunt_vaults_bifocal, v_pattern_4,
          nicolae_vaults_closet_pinwheel_5, nicolae_vaults_shrinking_rooms_1,
          v_misc_5, nicolae_vaults_weapon_check, v_misc_28,
          hangedman_vaults_impose, layout_vaults_omnicross, serial_shops,
          nicolae_shop_peninsula, shop
Crypt:1:  layout_chaotic_city, minmay_misc_feat_pillars,
          nicolae_crypt_twisting_catacombs
Crypt:2:  layout_misc_corridors, ebering_ghost_rock_garden, st_burial_chamber
Crypt:3:  due_elkab, layout_chaotic_city, tomb_entry_shell_bobbens,
          uniq_josephina
Depths:1: layout_gridlike, nicolae_cairo_tiling_large, pf_hell_entry_tar_river,
          hex_large, minmay_misc_feat_nine_boxes,
          chequers_serial_rivers_micro_c, uniq_enchantress
Depths:2: minmay_the_grid_four_pointed_star
          [minmay_the_grid_triangle_9x9_swiss_cheese,
          minmay_the_grid_triangle_9x9_sprig,
          minmay_the_grid_triangle_9x9_pentomino_pain,
          minmay_the_grid_triangle_9x9_fully_insulated_deathbox,
          minmay_the_grid_prize_inner_circle], layout_gridville,
          hangedman_coc_ice_floe, pan_entry, nicolae_qazlal_eye_of_the_storm
Depths:3: minmay_curly_fans, layout_cave_pools, grunt_hell_entry_dis_grunt,
          abyss_entry, serial_sigils, serial_sigils_hangedman_gut,
          serial_sigils_hangedman_shear, serial_sigils_hangedman_quiver,
          serial_sigils_hangedman_scratch, serial_sigils_hangedman_gnaw,
          serial_sigils_hangedman_quiver, minmay_misc_feat_cross,
          nicolae_vehumet_altar_sigil, uniq_grunn, uniq_frederick, uniq_mara
Depths:4: grunt_x_marks_the_spot, layout_small_grid, enter_ziggurat_f,
          pf_hell_entry_great_geh, rand_demon_pan_entry_7,
          ashenzari_conservatory_becter
Zot:1:    layout_gridlike, guppyfry_library_mini
Zot:2:    gammafunk_mikee_crab_dinner, layout_misc_corridors,
          kennysheep_underground_church
Zot:3:    hangedman_zot_vaults_quadrants, layout_onion_interference
Zot:4:    lemuel_halls_of_wrath, layout_misc_corridors
Zot:5:    layout_misc_corridors

Skill      XL: |  1  2  3  4  5  6  7  8  9 10 11 12 13 14 15 16 17 18 19 20 21 22 23 24 25 |
---------------+----------------------------------------------------------------------------+-----
Stealth        | 2 |  2.0
Ranged Weapons | 3 4 5 6 7 9 10 11 12 14 15 18 19 20 | 20.9
Hexes          | 5 9 10 12 13 14 15 17 18 25 | 25.6
Fighting       | 2 5 6 9 10 12 13 14 15 16 17 18 20 21 | 21.5
Spellcasting   | 3 6 7 9 11 12 13 | 13.0
Air Magic      | 1 3 4 5 7 |  7.5
Poison Magic   | 2 |  2.0
Dodging        | 5 9 11 12 14 16 17 18 19 21 23 | 23.0
Evocations     | 4 5 6 9 |  9.3
Translocations | 4 |  4.1
Shields        | 5 9 11 13 16 17 18 20 | 20.1
Earth Magic    | 4 |  4.3
Transmutations | 3 |  3.0
Fire Magic     | |  1.1

Action                     |  1- 3 |  4- 6 |  7- 9 | 10-12 | 13-15 | 16-18 | 19-21 | 22-24 | 25-27 || total
---------------------------+-------+-------+-------+-------+-------+-------+-------+-------+-------++-------
  Melee: Hand cannon       |       |       |       |       |       |     1 |       |       |       ||     1
   Fire: Sling             |    68 |   135 |   135 |       |       |       |       |       |       ||   338
         Shortbow          |       |       |    41 |   208 |       |       |       |       |       ||   249
         Longbow           |       |       |       |   516 |  1561 |    43 |       |       |       ||  2120
         Hand cannon       |       |       |       |       |       |  1143 |  1371 |  1596 |   490 ||  4600
  Throw: Dart              |       |       |       |       |     1 |     3 |     1 |       |       ||     5
   Cast: Jinxbite          |    15 |    19 |    41 |    92 |    14 |       |       |       |       ||   181
         Mephitic Cloud    |       |       |    10 |    35 |    24 |    17 |    16 |    16 |       ||   118
         Dimensional Bulls |       |       |       |       |     5 |    17 |     9 |     6 |       ||    37
         Cause Fear        |       |       |       |       |     1 |     2 |       |       |       ||     3
         Leda's Liquefacti |       |       |       |       |     3 |       |    13 |    18 |       ||    34
         Blink             |       |       |       |       |       |    10 |     9 |    16 |       ||    35
         Yara's Violent Un |       |       |       |       |       |       |     9 |     5 |       ||    14
         Discord           |       |       |       |       |       |       |       |       |     2 ||     2
         Apportation       |       |       |       |       |       |       |       |       |     2 ||     2
 Invoke: Call Merchant     |       |       |       |       |     1 |     5 |     1 |     1 |       ||     8
         Bribe Branch      |       |       |       |       |       |       |       |       |     3 ||     3
  Evoke: Wand              |       |       |     4 |     7 |    22 |     1 |    22 |     6 |    12 ||    74
         Sack of spiders   |       |       |       |       |     1 |     1 |     1 |     2 |     1 ||     6
         Phantom mirror    |       |       |       |       |       |       |     2 |     1 |     1 ||     4
    Use: Scroll            |     3 |       |    11 |    16 |     6 |    14 |    13 |    16 |     5 ||    84
         Potion            |       |       |     1 |     4 |     2 |     8 |     4 |    15 |    13 ||    47
 Armour: Robe              |     8 |     8 |    47 |    10 |       |       |       |       |       ||    73
         Acid dragon scale |       |       |       |    53 |       |       |       |       |       ||    53
         Leather armour    |       |       |       |    21 |   236 |   409 |   363 |   436 |   163 ||  1628
  Dodge: Dodged            |    10 |    15 |    62 |   155 |   572 |  1201 |   938 |  1167 |   248 ||  4368
         Repelled          |       |       |       |       |     3 |       |       |       |       ||     3
  Block: Other             |       |       |       |       |   130 |     2 |       |       |       ||   132
         Reflection        |       |       |       |       |    12 |    19 |    46 |     6 |       ||    83
         Buckler           |       |       |       |       |       |   773 |   789 |    23 |       ||  1585
         Kite shield       |       |       |       |       |       |       |       |  1081 |   349 ||  1430

Table legend: (Time is in decaauts)
 A = Elapsed time spent in this place.
 B = Non-inter-level travel time spent in this place.
 C = Inter-level travel time spent in this place.
 D = Time resting spent in this place.
 E = Time spent auto-exploring this place.
 F = Levels seen in this place.
 G = Mean time per level.
                   A        B        C        D        E       F      G
               +--------+--------+--------+--------+--------+-----+--------+
         Total |  91837 |  83901 |   7936 |  27508 |  34769 |  60 | 1530.6 |
       Dungeon |  21319 |  18465 |   2854 |   3892 |  10407 |  15 | 1421.3 |
        Temple |     27 |     27 |      0 |      0 |      0 |   1 |   27.0 |
          Lair |   8549 |   7387 |   1162 |   1801 |   3338 |   5 | 1709.8 |
         Swamp |   6672 |   6146 |    526 |   2225 |   2538 |   4 | 1668.0 |
   Spider Nest |   6540 |   6305 |    235 |   2242 |   2396 |   4 | 1635.0 |
    Slime Pits |   6130 |   5899 |    231 |   2369 |   2540 |   5 | 1226.0 |
  Orcish Mines |   2187 |   1796 |    391 |    114 |   1151 |   2 | 1093.5 |
   Elven Halls |   7145 |   6744 |    401 |   3488 |   1960 |   3 | 2381.7 |
        Vaults |   8428 |   7122 |   1306 |   1095 |   3833 |   4 | 2107.0 |
         Crypt |   4948 |   4721 |    227 |   1068 |   2372 |   3 | 1649.3 |
        Depths |   7629 |   7046 |    583 |   2502 |   2872 |   4 | 1907.2 |
           Zot |   7318 |   7301 |     17 |   5072 |      0 |   5 | 1463.6 |
         Trove |    182 |    182 |      0 |      0 |    138 |   1 |  182.0 |
      Ice Cave |    975 |    975 |      0 |     86 |    563 |   1 |  975.0 |
       Volcano |   1661 |   1661 |      0 |    982 |     42 |   1 | 1661.0 |
    Desolation |   1732 |   1732 |      0 |    532 |    509 |   1 | 1732.0 |
      Gauntlet |    388 |    388 |      0 |     32 |    107 |   1 |  388.0 |
               +--------+--------+--------+--------+--------+-----+--------+

Top non-repeatable levels by time:
   Zot:3: 3387 daAuts
   Elf:2: 3346 daAuts
    D:15: 2951 daAuts
     D:8: 2789 daAuts
Depths:4: 2730 daAuts
Vaults:2: 2546 daAuts
 Swamp:2: 2492 daAuts
Vaults:3: 2476 daAuts
 Crypt:3: 2448 daAuts
   Elf:3: 2369 daAuts
  Lair:5: 2176 daAuts
Spider:4: 2080 daAuts
 Swamp:4: 2001 daAuts
    D:10: 1978 daAuts
   Zot:4: 1920 daAuts
